 Dungeon Crawl Stone Soup version 0.18.1-50-g88ac8fd (webtiles) character file.

34 Flanowski the Digger (level 3, -3/19 HPs)
             Began as a Gargoyle Earth Elementalist on Sept 21, 2016.
             Killed from afar by Sigmund (10 damage)
             ... with a puff of flame
             ... on level 2 of the Dungeon.
             The game lasted 00:02:35 (885 turns).

Flanowski the Digger (Gargoyle Earth Elementalist)   Turns: 885, Time: 00:02:36

Health: -3/19      AC:  5    Str: 11    XL:     3   Next: 31%
Magic:  6/6        EV: 12    Int: 16    God:
Gold:   40         SH:  0    Dex: 10    Spells: 1 memorised, 6 levels left

rFire  . . .     SeeInvis .     (no weapon)
rCold  . . .     Gourm    .     a - +0 robe
rNeg   + . .     Faith    .     (no shield)
rPois  ∞         Spirit   .     (no helmet)
rElec  +         Dismiss  .     (no cloak)
rCorr  .         Reflect  .     (no gloves)
SustAt .         Harm     .     (no boots)
MR     .....                    (no amulet)
Stlth  ++........               (no ring)
                                (no ring)

@: not resistant to hostile enchantments, unstealthy
A: negative energy resistance 1, electricity resistance, unbreathing,
petrification resistance, rot immunity, AC +3
a: no special abilities


You were on level 2 of the Dungeon.
You were not hungry.

You visited 1 branch of the dungeon, and saw 2 of its levels.

You collected 40 gold pieces.

Inventory:

Missiles
 b - 74 stones (quivered)
Armour
 a - a +0 robe (worn)
Scrolls
 e - 3 scrolls of identify {unknown}
 g - a scroll of magic mapping {unknown}
 j - a scroll of recharging {unknown}
 k - 2 scrolls of immolation {unknown}
 n - a scroll of amnesia {unknown}
 o - a scroll of remove curse {unknown}
Potions
 i - a potion of might {unknown}
 l - a potion of heal wounds {unknown}
 m - a potion of resistance {unknown}
 p - a potion of degeneration {unknown}
Books
 c - a book of Geomancy

   Spells                             Type                      Level
   a - Sandblast                      Earth                        1
   b - Passwall                       Transmutation/Earth          2
   c - Stone Arrow                    Conjuration/Earth            3
   d - Petrify                        Transmutation/Earth          4
   e - Lee's Rapid Deconstruction     Earth                        5
Comestibles
 d - 2 bread rations
 f - 4 fruits
 h - 2 meat rations


   Skills:
 + Level 1.7 Dodging
 - Level 2.1 Stealth
 * Level 2.6 Spellcasting
   Level 0.7 Transmutations
 * Level 4.5 Earth Magic


You had 6 spell levels left.
You knew the following spells:

 Your Spells              Type           Power        Failure   Level  Hunger
a - Sandblast             Erth           ###...       3%          1    #......


Dungeon Overview and Level Annotations

Branches:
Dungeon (2/15)

Altars:

Annotations:
D:2 Sigmund


Innate Abilities, Weirdness & Mutations

You are resistant to torment.
Your stone body is resilient (AC +3).
You are immune to poison.
You resist negative energy.
You are resistant to electric shocks.
You can survive without breathing.
You are immune to petrification.
You are immune to rotting.


Message History

Found a stone staircase leading up.
k - 2 scrolls labeled YPIUHAH MAMNE (gained 1)
A quokka comes into view.
Casting: Sandblast
Confirm with . or Enter, or press ? or * to list all spells.
Aiming: Sandblast
Press: ? - help, Shift-Dir - straight line, f - quokka
Aim: a quokka The blast of sand hits the quokka.
You kill the quokka!
p - a grey potion Sigmund the Dreaded comes into view.
He is wielding a scythe.
Sigmund shouts!
Sigmund gestures at you while chanting. The puff of flame hits you!
Ouch! That really hurt!
Sigmund gestures at you while chanting. The puff of flame hits you!
Ouch! That really hurt!
You die...

#...............# #.#
#######............#.#
#.#
.≈.................#.#
#.#
.≈....@............# #
#.### #............#
#.... #............#
######. #............#
#...<#. #............#
###.##. #....@.......#
#.... #............#
##### #............+
#............#
#.......<....#
#............#
####+#........
##########


You could see Sigmund.

Vanquished Creatures
  An adder (D:2)
  A giant gecko (D:1)
  5 ball pythons (D:1)
  3 goblins (D:1)
  A hobgoblin (D:1)
  4 jackals (D:1)
  A quokka (D:2)
  A bat (D:1)
  A giant newt (D:1)
  2 kobolds (D:1)
  3 rats (D:1)
23 creatures vanquished.

Notes
Turn   | Place    | Note
--------------------------------------------------------------
     0 | D:1      | Flanowski the Gargoyle Earth Elementalist began the quest for the Orb.
     0 | D:1      | Reached XP level 1. HP: 10/10 MP: 3/3
   138 | D:1      | Reached XP level 2. HP: 15/15 MP: 3/5
   147 | D:1      | Reached skill level 4 in Earth Magic
   208 | D:1      | You fall through a shaft!
   437 | D:1      | Reached XP level 3. HP: 16/19 MP: 0/6
   881 | D:2      | Noticed Sigmund
   885 | D:2      | Killed from afar by Sigmund

Skill      XL: |  1  2 |
---------------+-------+-----
Earth Magic    | 4 |  4.5
Dodging        | |  1.7
Stealth        | |  2.1
Spellcasting   | |  2.6
Transmutations | |  0.7

Action                   || total
-------------------------++-------
Melee: Unarmed           ||    23
 Cast: Sandblast         ||    41
Armor: Robe              ||    11
Dodge: Dodged            ||    32
